AoeStats
← 楚南公

Nomad

504725088Analyzed
4v4 RM · 26d ago on Sep 6, 2026· 16m 50s· 8 players
Game mode
Random Map
Map size
231×231
Population
200
Speed
Normal
Resources
Standard
Victory
Conquest
Starting age
Dark Age
Ending age
Imperial Age
RankedLock teamsTeams togetherTeam positionsShared explorationLock speedFull tech treeHidden civsTurbo modeCheats
Victory
Defeat
🇹🇼 Portuguese · Taiwan
1183
+16
🇨🇳 Bengalis · China
1167
+16
🇯🇵 Mongols · Japan
1165
+16
🇭🇰 Koreans · Hong Kong SAR China
1121
+18
🇨🇳 Bohemians · China
1231
-19
🇨🇳 Mongols · China
1230
-19
🇨🇿 Magyars · Czechia
1125
-15
🇯🇵 Japanese · Japan
1095
-13
Alex Auditore Mercer
5:29 Loom
15:31 Feudal Age
19:25 Castle Age
SUSU
5:45 Loom
14:29 Feudal Age
I just want to farm!!!
4:06 Loom
14:09 Feudal Age
14:49 Double-Bit Axe
VVs00
3:17 Loom
14:35 Feudal Age
16:46 Wheelbarrow
XZ.Lumber.AX
7:27 Loom
17:00 Feudal Age
楚南公
5:34 Loom
12:07 Feudal Age
13:37 Feudal Age
14:21 Town Watch
17:37 Castle Age
16:49 Fletching
poky.pok
5:15 Loom
13:14 Feudal Age
riden1109itou
5:11 Loom
14:51 Feudal Age
Connection lost

Rejoining the realm…

Still unreachable

The connection could not be restored.

Session expired

The server has moved on; the page needs a fresh start.